 Dungeon Crawl Stone Soup version 0.29-a0-559-g359e09b9d1 (webtiles) character file.

Game seed: 11262136418154279413

127 Locuples the Sneak (level 4, 0/33 HPs)
             Began as a Demonspawn Brigand on June 10, 2022.
             Slain by a gnoll
             ... wielding a +0 spear
              (5 damage)
             ... on level 3 of the Dungeon.
             The game lasted 00:04:27 (2883 turns).

Locuples the Sneak (Demonspawn Brigand)             Turns: 2883, Time: 00:04:28

Health: 0/33       AC:  3    Str: 14    XL:     4   Next: 85%
Magic:  4/4        EV: 11    Int: 12    God:
Gold:   115        SH:  0    Dex: 14    Spells: 3/3 levels left

rFire   . . .      SeeInvis .   a - +2 dagger
rCold   . . .      Faith    .   (no shield)
rNeg    + . .      Spirit   .   b - +0 robe
rPois   .          Reflect  .   (no helmet)
rElec   .          Harm     .   c - +0 cloak
rCorr   +          Rampage  .   (no gloves)
Will    .....                   (no boots)
Stlth   +++.......              (no amulet)
HPRegen 0.11/turn               t - ring of positive energy
MPRegen 0.09/turn               o - ring of resist corrosion

@: no status effects
A: ignite blood 1
a: no special abilities


You were on level 3 of the Dungeon.
You visited 1 branch of the dungeon, and saw 3 of its levels.

You collected 115 gold pieces.

Inventory:

Hand Weapons
 a - a +2 dagger (weapon)
Missiles
 d - 9 poisoned darts (quivered)
 e - 3 curare-tipped darts
Armour
 b - a +0 robe (worn)
 c - a +0 cloak (worn)
Jewellery
 o - a ring of resist corrosion (right hand)
 t - a ring of positive energy (left hand)
Scrolls
 f - 6 scrolls of identify {unknown}
 h - a scroll of poison {unknown}
 i - a scroll of enchant weapon {unknown}
 j - a scroll of fear {unknown}
 k - a scroll of noise {unknown}
 m - 4 scrolls of teleportation {unknown}
 n - 2 scrolls of fog {unknown}
 r - 3 scrolls of amnesia {unknown}
Potions
 g - a potion of curing
 l - a potion of berserk rage {unknown}
 p - a potion of lignification {unknown}
 q - a potion of magic {unknown}
 s - a potion of cancellation {unknown}
 u - 2 potions of might {unknown}


   Skills:
 - Level 2.0 Fighting
 * Level 3.0 Short Blades
 - Level 1.7 Throwing
 - Level 1.0 Dodging
 * Level 5.3 Stealth


You had 3 spell levels left.
You didn't know any spells.
Your spell library contained the following spells:

 Spells                   Type           Power      Damage    Failure   Level
 Stone Arrow              Conj/Erth      0%         3d7       69%         3
 Animate Armour           Summ/Erth      0%         N/A       97%         4
 Lehudib's Crystal Spear  Conj/Erth      0%         10d2      100%        8


Dungeon Overview and Level Annotations

Branches:
Dungeon (3/15)

Altars:
Cheibriados


Innate Abilities, Weirdness & Mutations

Your demonic aura sometimes causes spilled blood to erupt in flames.


Message History

The gnoll is lightly wounded.
The gnoll hits you with a +0 flail!
* * * LOW HITPOINT WARNING * * *
You barely miss the gnoll. You punch the gnoll.
The gnoll is heavily wounded.
The gnoll completely misses you.
You hit the gnoll.
The gnoll is almost dead.
The gnoll misses you.
You hit the gnoll but do no damage.
The gnoll is almost dead.
The gnoll closely misses you.
You feel better. The gnoll barely misses you.
You hit the gnoll.
You kill the gnoll!
Your Short Blades skill increases to level 3!
The orc hits you with a +0 falchion.
Things that are here:
a +0 flail; a gnoll corpse You hit the orc but do no damage.
The orc hits you with a +0 falchion.
You hit the orc.
The orc is severely wounded.
The orc hits you with a +0 falchion.
You hit the orc.
You kill the orc!
You hit the kobold.
You kill the kobold!
The orc barely misses you.
The gnoll hits you from afar with a +0 spear.
* * * LOW HITPOINT WARNING * * *
Things that are here:
a +0 short sword; a +0 falchion You hit the orc.
The orc is heavily wounded.
You hit the orc.
You kill the orc!
The gnoll hits you from afar with a +0 spear.
* * * LOW HITPOINT WARNING * * *
The gnoll hits you with a +0 spear.
You die...

........# ##......# #.######
#.# ##.# ############# ...#
#..(........# #######
#..####.#########.### .......
#..#.......######...##.$.....
..............))@g...........
...#.##.##.######...#........
####.##....# #...##.######
...#.####### #...# g# ...#.#
......... .##### ###........
.# ###?...... .# #........ .#


You could see a gnoll.

Vanquished Creatures
  A hound (D:3)
  3 adders (D:2)
  2 gnolls (D:3)
  2 worms
  3 orcs (D:3)
  3 endoplasms
  A giant cockroach (D:1)
  7 hobgoblins
  3 kobolds
  3 quokkas
  2 ball pythons
  4 bats
  2 frilled lizards
  3 goblins
  6 rats
45 creatures vanquished.

Notes
Turn   | Place    | Note
-------+----------+-------------------------------------------
     0 | D:1      | Locuples the Demonspawn Brigand began the quest for the
                  | Orb.
     0 | D:1      | Reached XP level 1. HP: 16/16 MP: 1/1
    11 | D:1      | Found a faded altar of an unknown god.
   582 | D:1      | Reached skill level 4 in Stealth
   592 | D:1      | Reached skill level 1 in Dodging
   592 | D:1      | Gained mutation: Your demonic aura sometimes causes spilled
                  | blood to erupt in flames. [demonic ancestry]
   592 | D:1      | Reached XP level 2. HP: 19/22 MP: 2/2
  1439 | D:2      | Reached XP level 3. HP: 13/27 MP: 3/3
  1622 | D:2      | Found a snail-covered altar of Cheibriados.
  2520 | D:3      | Reached XP level 4. HP: 26/33 MP: 4/4
  2550 | D:3      | Reached skill level 5 in Stealth
  2883 | D:3      | Slain by a gnoll

Illustrated notes

Levels and vault maps discovered:
D:1:      dpeg_arrival_tiny_c, layout_basic, basic_ecumenical_altar,
          minmay_misc_feat_roman
D:2:      layout_loops_ring, basic_altar
D:3:      layout_basic, lemuel_zombie_altar_yredelemnul,
          ebering_ghost_rock_garden, hex_medium

Skill      XL: |  1  2  3  4 |
---------------+-------------+-----
Stealth        | 4 5 |  5.3
Dodging        | 1 |  1.0
Short Blades   | 2 3 |  3.0
Fighting       | |  2.0
Throwing       | |  1.7

Action                   |  1- 3 |  4- 6 || total
-------------------------+-------+-------++-------
Melee: Dagger            |   131 |    42 ||   173
       Punch             |     5 |     1 ||     6
  Use: Potion            |     1 |     1 ||     2
 Stab: Sleeping          |    11 |       ||    11
Armor: Robe              |    29 |     7 ||    36
Dodge: Dodged            |    64 |    34 ||    98

Table legend: (Time is in decaauts)
 A = Elapsed time spent in this place.
 B = Non-inter-level travel time spent in this place.
 C = Inter-level travel time spent in this place.
 D = Time resting spent in this place.
 E = Time spent auto-exploring this place.
 F = Levels seen in this place.
 G = Mean time per level.
                   A        B        C        D        E       F      G
               +--------+--------+--------+--------+--------+-----+--------+
         Total |   2862 |   2862 |      0 |    126 |   2210 |   3 |  954.0 |
       Dungeon |   2862 |   2862 |      0 |    126 |   2210 |   3 |  954.0 |
               +--------+--------+--------+--------+--------+-----+--------+

Top non-repeatable levels by time:
     D:2: 1211 daAuts
     D:1: 1178 daAuts
     D:3: 472 daAuts
